AoeStats
← A silly fella

Arabia

510564515Analyzed
3v3 RM · 23h ago on Oct 1, 2026· 78m 38s· 6 players
Game mode
Random Map
Map size
Normal (6 player)
Population
200
Speed
Normal
Resources
Standard
Victory
Conquest
Starting age
Dark Age
Ending age
Imperial Age
RankedLock teamsTeams togetherTeam positionsShared explorationLock speedFull tech treeHidden civsTurbo modeCheats
Victory
Defeat
🇧🇷 Varangians · Brazil
1028
+19
🇩🇪 Koreans · Germany
1027
+19
🇩🇪 Italians · Germany
973
+21
🇹🇷 Franks · Türkiye
1258
-26
🇬🇧 Saxons · United Kingdom
1176
-23
🇫🇷 Britons · France
843
-10
danilomaxxcuritiba
8:49 Loom
10:38 Feudal Age
11:34 Double-Bit Axe
23:13 Castle Age
21:30 Horse Collar
22:09 Scale Barding Armor
22:43 Stone Mining
23:38 Forging
24:17 Bloodlines
25:20 Husbandry
40:44 Fletching
49:00 Bow Saw
51:06 Caravan
52:03 Light Cavalry
58:36 Chain Barding Armor
63:20 Imperial Age
61:50 Wheelbarrow
62:17 Heavy Plow
63:47 Cavalier
65:33 Hand Cart
65:04 Town Watch
66:00 Plate Barding Armor
66:01 Iron Casting
66:54 Two-Man Saw
70:37 Blast Furnace
75:16 Hussar
78:48 Chemistry
78:08 Ballistics
77:30 Treadmill Crane
78:01 Masonry
77:56 Siege Engineers
77:47 Murder Holes
78:02 Fortified Wall
78:43 Coinage
78:23 Guilds
78:09 Spies/Treason
Walls vs Zombies 2009
9:15 Loom
11:28 Feudal Age
16:44 Castle Age
17:32 Double-Bit Axe
17:39 Stone Mining
19:01 Wheelbarrow
18:31 Fletching
20:58 Bow Saw
20:29 Horse Collar
23:31 Bodkin Arrow
25:05 Hand Cart
27:26 Heavy Plow
27:38 Heavy Plow
33:01 Imperial Age
30:45 Husbandry
34:08 Ballistics
34:26 Bracer
35:08 Gold Mining
35:54 Stone Shaft Mining
36:20 Two-Man Saw
36:40 Conscription
37:00 Scale Barding Armor
36:19 Cavalier
36:22 Light Cavalry
37:15 Forging
40:30 Chemistry
41:17 Treadmill Crane
41:47 Masonry
42:37 Chain Barding Armor
43:13 Elite War Wagon
45:42 Eupseong
46:22 Guilds
47:05 Gold Shaft Mining
48:46 Siege Engineers
52:31 Devotion
53:16 Shinkichon
52:21 Hussar
53:31 Thumb Ring
54:03 Iron Casting
54:25 Heavy Rocket Cart
55:32 Arrowslits
57:42 Architecture
57:59 Coinage
59:34 Banking
64:18 Murder Holes
70:38 Spies/Treason
A silly fella
0:30 Loom
11:55 Feudal Age
14:04 Double-Bit Axe
17:43 Wheelbarrow
19:46 Castle Age
19:46 Horse Collar
22:42 Stone Mining
23:08 Bow Saw
24:18 Stone Shaft Mining
26:44 Padded Archer Armor
29:37 Pikeman
30:22 Scale Mail Armor
30:34 Forging
30:27 Squires
35:14 Imperial Age
33:00 Fletching
33:55 Bodkin Arrow
34:53 Leather Archer Armor
35:20 Ballistics
36:04 Elite Genoese Crossbowman
36:47 Bracer
37:25 Hand Cart
37:37 Conscription
39:19 Chemistry
38:01 Treadmill Crane
40:33 Ring Archer Armor
40:33 Pirotechnia
41:08 Gold Mining
50:40 Heavy Plow
58:40 Murder Holes
58:56 Fortified Wall
59:07 Bombard Tower
58:32 Arrowslits
58:59 Masonry
59:27 Hoardings
69:10 Architecture
70:15 Two-Man Saw
75:19 Guard Tower
77:03 Spies/Treason
The Great Lynx Paw
9:17 Feudal Age
7:39 Loom
9:46 Double-Bit Axe
11:52 Horse Collar
16:24 Gold Mining
18:37 Castle Age
17:09 Scale Mail Armor
18:25 Forging
20:38 Bow Saw
21:10 Wheelbarrow
20:41 Squires
20:38 Gambesons
21:16 Heavy Plow
23:01 Town Watch
25:02 Stone Mining
27:03 Chain Mail Armor
28:13 Hand Cart
30:49 Gold Shaft Mining
31:08 Sanctity
30:14 Man-at-Arms
33:34 Pikeman
34:42 Fletching
37:59 Imperial Age
36:16 Bodkin Arrow
36:27 Clerical Recruitment
38:15 Ballistics
37:46 Guard Tower
37:37 Treadmill Crane
40:02 Plate Mail Armor
39:55 Arson
39:40 Elite Hearth Troop
40:27 Bracer
40:57 Block Printing
41:46 Theocracy
42:34 Chemistry
42:30 Keep
41:57 Padded Archer Armor
44:29 Masonry
47:35 Iron Casting
48:46 Hoardings
50:40 Conscription
50:54 Shield Wall
52:07 Siege Engineers
51:50 Arrowslits
54:15 Two-Man Saw
53:46 Conscription
56:28 Leather Archer Armor
56:16 Halberdier
58:27 Elite Varangian Guard
63:52 Murder Holes
64:27 Architecture
63:53 Elite Skirmisher
CrazyGG4965
8:01 Loom
8:14 Loom
11:05 Feudal Age
12:27 Wheelbarrow
11:58 Double-Bit Axe
17:03 Horse Collar
20:32 Town Watch
20:38 Town Watch
24:07 Castle Age
23:03 Fletching
25:36 Crossbowman
32:31 Bow Saw
32:26 Heavy Plow
32:35 Bodkin Arrow
32:42 Elite Skirmisher
35:49 Hand Cart
37:54 Padded Archer Armor
39:10 Ballistics
47:06 Leather Archer Armor
53:59 Imperial Age
57:35 Imperial Age
60:16 Imperial Age
61:41 Imperial Age
65:19 Chemistry
ReaLSesame
6:09 Loom
9:01 Feudal Age
9:48 Double-Bit Axe
21:31 Castle Age
21:48 Forging
21:45 Scale Barding Armor
25:18 Husbandry
25:32 Fletching
28:17 Forging
30:37 Chain Barding Armor
30:57 Bow Saw
33:42 Iron Casting
38:57 Imperial Age
38:09 Bodkin Arrow
38:52 Wheelbarrow
38:03 Town Watch
39:06 Cavalier
40:23 Plate Barding Armor
46:02 Gold Mining
46:02 Stone Mining
47:21 Blast Furnace
49:26 Elite Skirmisher
50:47 Padded Archer Armor
63:16 Gold Shaft Mining
63:59 Paladin
67:38 Light Cavalry
Connection lost

Rejoining the realm…

Still unreachable

The connection could not be restored.

Session expired

The server has moved on; the page needs a fresh start.